 Dungeon Crawl Stone Soup version 0.30-a0-989-g0d87f670db (webtiles) character file.

Game seed: 522976306938044028

12922 Conn the Arsonist (level 12, -2/72 HPs)
             Began as an Octopode Fire Elementalist on Apr 3, 2023.
             Was an Elder of Sif Muna.
             Killed from afar by a rime drake (12 damage)
             ... with an icy flash freeze
             ... on level 1 of the Lair of Beasts.
             The game lasted 00:53:27 (15063 turns).

Conn the Arsonist (Octopode Fire Elementalist)     Turns: 15063, Time: 00:53:27

Health: -2/72      AC:  3    Str:  2 (6)  XL:     12   Next: 0%
Magic:  13/24      EV: 29    Int: 16 (21) God:    Sif Muna [****..]
Gold:   862        SH:  5    Dex: 16 (17) Spells: 11/27 levels left

rFire   . . .      SeeInvis .    d - +4 trident (protect)
rCold   . . .      Faith    .    e - +1 buckler
rNeg    . . .      Spirit   .    (helmet restricted)
rPois   +          Reflect  .    q - amulet of the acrobat
rElec   .          Rampage  .    k - ring of resist corrosion
rCorr   +                        B - ring of poison resistance
Will    .....                    (no ring)
Stlth   ++++                     (no ring)
HPRegen 0.32/turn                (no ring)
MPRegen 0.19/turn                (no ring)
                                 (no ring)
                                 (no ring)

@: lethally poisoned (-2 -> -13), acrobatic
A: almost no armour, amphibious, 8 rings, camouflage 1, gelatinous body 1,
(nimble swimmer 1), tentacles, iridescent scales 1, agile 1, deterioration 1
a: Renounce Religion, Channel Magic, Forget Spell, Divine Exegesis


You were on level 1 of the Lair of Beasts.
You worshipped Sif Muna.
Sif Muna was greatly pleased with you.
You visited 4 branches of the dungeon, and saw 14 of its levels.
You also visited: Sewer.

You collected 992 gold pieces.
You spent 130 gold pieces at shops.

Inventory:

Hand Weapons
 b - a +2 short sword of freezing
 d - a +4 trident of protection (weapon)
 m - a +3 scythe of protection
Missiles
 i - 2 throwing nets
 v - 2 curare-tipped darts
Armour
 e - a +1 buckler (worn)
Jewellery
 k - a ring of resist corrosion (left tentacle)
 q - an amulet of the acrobat (around mantle)
 B - a ring of poison resistance (right tentacle)
Wands
 a - a wand of flame (33)
Scrolls
 h - 2 scrolls of blinking
 l - 8 scrolls of teleportation
 n - a scroll of brand weapon
 o - 3 scrolls of torment
 p - 4 scrolls of immolation
 r - a scroll of fog
 y - a scroll of butterflies
Potions
 c - 2 potions of berserk rage
 f - 4 potions of curing
 g - a potion of resistance
 s - a potion of haste
 t - 2 potions of might {unknown}
 u - a potion of flight
 w - 2 potions of heal wounds {unknown}
 x - 3 potions of brilliance
 z - a potion of cancellation
 A - a potion of invisibility


   Skills:
 + Level 2.7 Fighting
 + Level 3.1 Short Blades
 + Level 2.5 Polearms
 + Level 4.4 Dodging
 - Level 6.1 Stealth
 * Level 1.2 Shields
 + Level 8.4 Spellcasting
 * Level 8.0 Conjurations
 + Level 2.2 Hexes
 + Level 8.9 Fire Magic
 + Level 6.2 Air Magic
 + Level 0.2 Earth Magic
 * Level 6.7 Invocations


You had 11 spell levels left.
You knew the following spells:

 Your Spells              Type           Power      Damage    Failure   Level
a - Foxfire               Conj/Fire      100%       2x1d6     1%          1
b - Swiftness             Air            26%        N/A       3%          3
c - Inner Flame           Hex/Fire       24%        N/A       4%          3
d - Flame Wave            Conj/Fire      33%        2d10      4%          4
e - Scorch                Fire           70%        2d9       1%          2
f - Stone Arrow           Conj/Erth      38%        3d9       8%          3

Your spell library contained the following spells:

 Spells                   Type           Power      Damage    Failure   Level
 Slow                     Hex            52%        N/A       5%          1
 Kindle Blastsparks       Fire/Tloc/Air  44%        2d13      5%          3
 Ensorcelled Hibernation  Hex/Ice        20%        N/A       14%         2
 Confusing Touch          Hex            13%        N/A       17%         3
 Tukima's Dance           Hex            13%        N/A       17%         3
 Passwall                 Tmut/Erth      5%         N/A       21%         2
 Portal Projectile        Hex/Tloc       20%        N/A       26%         3
 Vampiric Draining        Necr           6%         2d6       38%         3
 Passage of Golubria      Tloc           6%         N/A       80%         4
 Yara's Violent Unravell  Hex/Tmut       5%         3d4       94%         5
 Blade Hands              Tmut           3%         N/A       98%         5
 Lehudib's Crystal Spear  Conj/Erth      9%         10d4      100%        8
 Animate Armour           Summ/Erth      Unusable   N/A       N/A         4

Dungeon Overview and Level Annotations

Branches:
Dungeon (10/15)            Temple (1/1) D:4            Lair (1/5) D:10
    Orc (2/2) D:9             Elf (0/3) Orc:2         Sewer (visited)

Altars:
Ashenzari
Cheibriados
Dithmenos
Elyvilon
Fedhas
Gozag
Hepliaklqana
Kikubaaqudgha
Makhleb
Nemelex Xobeh
Okawaru
Qazlal
Ru
Sif Muna
Trog
Uskayaw
Vehumet
Wu Jian
Xom
Yredelemnul
Zin
The Shining One

Shops:
D:3 *!   D:9 ?


Innate Abilities, Weirdness & Mutations

You cannot wear most types of armour.
You are amphibious.
You can wear up to eight rings at the same time.
Your skin changes colour to match your surroundings (Stealth+).
Your rubbery body absorbs attacks. (AC +1, EV +1)
((You are camouflaged when in or above water. (Stealth+)))
You have tentacles for arms and can constrict up to eight enemies at once.
You are partially covered in iridescent scales. (AC +2)
You are agile. (Dex +4, Str/Int -1)
Your body sometimes deteriorates upon taking damage.


Message History

The hell rat bites you!
Unknown command.
Casting: Flame Wave (dangerous; 4% risk of failure)
Confirm with . or Enter, or press ? or * to list all spells.
Casting: Flame Wave (dangerous; 4% risk of failure)
Press: ? - help, Dir - look around, f - activate A wave of flame ripples out!
The flame wave engulfs the hell rat!
The hell rat is heavily wounded.
The flame wave engulfs the hell rat!
You kill the hell rat!
Sif Muna accepts your kill.
The flame wave engulfs the black mamba!
The black mamba is moderately wounded. (Press . to intensify the flame waves.)
You hear an angry hiss.
The black mamba bites you.
You are poisoned.
The black mamba poisons you! The black mamba bites you!
* * * LOW HITPOINT WARNING * * *
You block the hell rat's attack.
Unknown command.
A wave of flame ripples out!
The flame wave engulfs the hell rat!
You kill the hell rat!
Sif Muna accepts your kill.
The flame wave engulfs the black mamba!
The black mamba is severely wounded.
* * * LOW HITPOINT WARNING * * *
You feel very sick. You block the black mamba's attack.
A rime drake comes into view.
You block the black mamba's attack.
A wave of flame ripples out!
The flame wave engulfs the black mamba.
The black mamba is severely wounded.
You finish channelling waves of flame.
You feel less invigorated.
* * * LOW HITPOINT WARNING * * *
You feel very sick. You block the black mamba's attack.
The rime drake breathes ice at you. The icy flash freeze hits you!
You die...

.. ......
####k+###.....).
...............#
...............##
.................
.................
......††S.......
.....†.@......#
.............##
########.....#
##.#P###....#
#.....##....+
#.....##....#
#......'....+
#.....##....#
#P#P.##.....#


You could see a black mamba and a rime drake (catching breath).

Vanquished Creatures
  2 two-headed ogres
  A cyclops (D:8)
  A cane toad (shapeshifter) (D:9)
  4 trolls
  Sigmund (D:5)
  2 shadows
  13 yaks
  A wraith (D:8)
  2 steam dragons (D:6)
  A warg (Orc:2)
  An acid dragon (D:10)
  3 water moccasins
  14 orc warriors
  2 ice beasts
  A black bear (D:7)
  2 sky beasts
  9 ogres
  5 centaurs
  9 kobold brigands
  2 bullfrogs
  4 scorpions
  4 gnoll sergeants
  4 wights
  2 killer bees (D:10)
  11 howler monkeys (D:8)
  12 hounds
  2 gnoll boudas
  16 orc priests
  A jelly (D:6)
  A sleepcap (D:5)
  4 iguanas
  14 orc wizards
  7 hell rats (Lair:1)
  17 gnolls
  4 river rats (Sewer)
  15 adders
  A shadow imp (D:8)
  2 white imps
  2 ufetubi
  4 worms
  A dart slug (D:2)
  50 orcs
  6 bats
  14 endoplasms
  5 giant cockroaches
  5 goblins
  5 hobgoblins
  10 jackals
  11 kobolds
  10 quokkas
  15 ball pythons
  7 frilled lizards
  4 rats
346 creatures vanquished.

Vanquished Creatures (others)
  An orc (Orc:2)
  976 foxfires
  7 plants
984 creatures vanquished.

Grand Total: 1330 creatures vanquished

Notes
Turn   | Place    | Note
-------+----------+-------------------------------------------
     0 | D:1      | Conn the Octopode Fire Elementalist began the quest for the
                  | Orb.
     0 | D:1      | Reached XP level 1. HP: 11/11 MP: 3/3
   315 | D:1      | Reached XP level 2. HP: 15/17 MP: 0/5
   984 | D:2      | Reached XP level 3. HP: 21/21 MP: 4/6
  1404 | D:2      | Reached XP level 4. HP: 18/27 MP: 3/7
  1735 | D:2      | Found a faded altar of an unknown god.
  2018 | D:3      | Found Yromin's Assorted Antiques.
  2023 | D:3      | Bought a scroll labelled NOENAX BOTT for 30 gold pieces
  2023 | D:3      | Bought a scroll labelled HIHITANERA for 30 gold pieces
  2023 | D:3      | Bought a scroll labelled ATTYIFUWAE for 30 gold pieces
  2059 | D:3      | Found a glowing silver altar of Zin.
  2173 | D:3      | Reached XP level 5. HP: 16/32 MP: 4/9
  2370 | D:3      | Found a glowing drain.
  2377 | Sewer    | Entered a sewer
  2416 | Sewer    | Learned a level 2 spell: Scorch
  2420 | Sewer    | Learned a level 3 spell: Inner Flame
  2528 | Sewer    | Reached skill level 1 in Short Blades
  2648 | Sewer    | Noticed a kobold brigand
  2648 | Sewer    | Noticed a kobold brigand
  2661 | Sewer    | Killed a kobold brigand
  2661 | Sewer    | Killed a kobold brigand
  2662 | Sewer    | Reached skill level 1 in Fighting
  2662 | Sewer    | Reached XP level 6. HP: 33/38 MP: 0/10
  3199 | Sewer    | Reached skill level 5 in Stealth
  3264 | Sewer    | Reached XP level 7. HP: 43/43 MP: 7/12
  3431 | D:3      | Found Borich's Distillery.
  4277 | D:4      | Found a staircase to the Ecumenical Temple.
  4295 | Temple   | Entered the Ecumenical Temple
  4309 | Temple   | Became a worshipper of Sif Muna the Loreminder
  4601 | D:5      | Entered Level 5 of the Dungeon
  4698 | D:5      | Found a hide-covered altar of Uskayaw.
  4834 | D:5      | Reached skill level 5 in Fire Magic
  4840 | D:5      | Reached XP level 8. HP: 48/48 MP: 1/14
  5067 | D:5      | Noticed Sigmund
  5074 | D:5      | Killed Sigmund
  5935 | D:5      | Learned a level 4 spell: Flame Wave
  6028 | D:6      | Reached skill level 5 in Spellcasting
  6135 | D:6      | Learned a level 3 spell: Swiftness
  6266 | D:6      | Reached skill level 1 in Invocations
  6535 | D:6      | Reached skill level 1 in Polearms
  6535 | D:6      | Reached skill level 1 in Air Magic
  6535 | D:6      | Reached XP level 9. HP: 36/54 MP: 16/16
  6800 | D:6      | Reached skill level 1 in Hexes
  7000 | D:6      | Reached * piety under Sif Muna
  7441 | D:7      | Gained mutation: You are vulnerable to heat. (rF-) [potion
                  | of mutation]
  7441 | D:7      | Gained mutation: Your flesh is cold resistant. (rC+)
                  | [potion of mutation]
  7442 | D:7      | Lost mutation: Your flesh is cold resistant. (rC+) [potion
                  | of mutation]
  7442 | D:7      | Lost mutation: You are vulnerable to heat. (rF-) [potion of
                  | mutation]
  7442 | D:7      | Gained mutation: Your body sometimes deteriorates upon
                  | taking damage. [potion of mutation]
  7442 | D:7      | Gained mutation: You occasionally shout uncontrollably at
                  | your foes. [potion of mutation]
  7442 | D:7      | Gained mutation: Your mind is acute. (Int +4, Str/Dex -1)
                  | [potion of mutation]
  7443 | D:7      | Lost mutation: You occasionally shout uncontrollably at
                  | your foes. [potion of mutation]
  7443 | D:7      | Lost mutation: Your mind is acute. (Int +4, Str/Dex -1)
                  | [potion of mutation]
  7443 | D:7      | Gained mutation: You are partially covered in iridescent
                  | scales. (AC +2) [potion of mutation]
  7443 | D:7      | Gained mutation: You are agile. (Dex +4, Str/Int -1)
                  | [potion of mutation]
  7469 | D:7      | Learned a level 3 spell: Stone Arrow
  7766 | D:7      | Found a burning altar of Makhleb.
  8000 | D:7      | Reached skill level 5 in Conjurations
  8271 | D:8      | Noticed a cyclops
  8277 | D:8      | Reached XP level 10. HP: 61/61 MP: 5/19
  8437 | D:8      | Killed a cyclops
  8440 | D:8      | Reached ** piety under Sif Muna
 10032 | D:8      | Found a shadowy altar of Dithmenos.
 10343 | D:8      | Reached skill level 5 in Invocations
 10519 | D:8      | Reached *** piety under Sif Muna
 10583 | D:8      | Noticed a two-headed ogre
 10596 | D:8      | Killed a two-headed ogre
 10675 | D:8      | Found a shimmering altar of Xom.
 10679 | D:8      | Found a glowing golden altar of the Shining One.
 10679 | D:8      | Found an ornate altar of the Wu Jian Council.
 10696 | D:8      | Found a bloodstained altar of Trog.
 10700 | D:8      | Found a sacrificial altar of Ru.
 10920 | D:8      | Reached skill level 5 in Air Magic
 10983 | D:8      | Reached XP level 11. HP: 66/66 MP: 11/21
 11417 | D:9      | Found a staircase to the Orcish Mines.
 12272 | D:9      | Found Soarelol's Magic Scroll Boutique.
 12280 | D:9      | Bought a scroll of butterflies for 40 gold pieces
 12789 | D:9      | Found an opulent altar of Gozag.
 12891 | D:9      | Reached **** piety under Sif Muna
 13164 | D:10     | Entered Level 10 of the Dungeon
 13186 | D:10     | Found a staircase to the Lair.
 13453 | D:10     | Noticed a two-headed ogre
 13468 | D:10     | Killed a two-headed ogre
 13775 | D:10     | Noticed a two-headed ogre
 13994 | Orc:1    | Entered Level 1 of the Orcish Mines
 14323 | Orc:2    | Entered Level 2 of the Orcish Mines
 14706 | Orc:2    | Found a staircase to the Elven Halls.
 14761 | Orc:2    | Reached skill level 1 in Shields
 14901 | Orc:2    | Noticed a two-headed ogre
 15026 | Lair:1   | Entered Level 1 of the Lair of Beasts
 15057 | Lair:1   | Reached XP level 12. HP: 68/72 MP: 4/24
 15063 | Lair:1   | Killed from afar by a rime drake

Illustrated notes

Levels and vault maps discovered:
D:1:      roderic_lyre, layout_rooms
D:2:      layout_loops_ring, hellmonk_ecumenical_altar_slurped_away,
          patterned_corridor
D:3:      layout_loops_cross, old_standard_altar, serial_shops,
          nicolae_shop_hallway_plus, shop, portal_sewer_entry_b
D:4:      layout_loops_ring, minmay_temple_entry_gardened_gates,
          serial_park_tiny_1
D:5:      layout_basic, mainiacjoe_overflow_boulevard,
          nicolae_concentric_dashed_squares_wild, uniq_sigmund
D:6:      minmay_recursive_quarters, layout_loops_ring,
          small_statue_intersection
D:7:      layout_basic, lemuel_crystal_altar, hangedman_decor_opposing,
          david_defended_altar_orc
D:8:      lemuel_castle_with_subvaults [lemuel_castle_interior_carwin_3],
          layout_cave_pools, minmay_overflow_temple_star_hex,
          grunt_dithmenos_smoke_and_mirrors, minmay_small_thing
D:9:      layout_gridville, lemuel_round_altar, orc_david_3, serial_shops,
          shop_statue
D:10:     minmay_bubble_buster, layout_grid_maze, lair_entry_dummy
Temple:   hellmonk_temple_two_chambers
Lair:1:   layout_regular_city, uniq_erica
Orc:1:    layout_caves, trog_butcher_becter
Orc:2:    grunt_orc_cross, layout_diamond_mine, serial_shops, shop_fountains

Skill      XL: |  1  2  3  4  5  6  7  8  9 10 11 |
---------------+----------------------------------+-----
Stealth        | 3 4 5 6 |  6.1
Short Blades   | 1 2 3 |  3.1
Fighting       | 1 2 |  2.7
Spellcasting   | 3 4 5 6 8 |  8.4
Conjurations   | 2 3 5 6 8 |  8.0
Fire Magic     | 4 5 6 7 8 |  8.9
Dodging        | 3 4 |  4.4
Invocations    | 1 3 5 6 |  6.7
Polearms       | 1 2 |  2.5
Air Magic      | 1 3 5 6 |  6.2
Hexes          | 1 2 |  2.2
Shields        | 1 |  1.2
Earth Magic    | |  0.2

Action                     |  1- 3 |  4- 6 |  7- 9 | 10-12 || total
---------------------------+-------+-------+-------+-------++-------
  Melee: Dagger            |    34 |    57 |       |       ||    91
         Constrict         |     7 |    14 |    14 |     8 ||    43
         Unarmed           |     1 |       |       |       ||     1
         Tentacles         |     7 |    13 |    12 |    12 ||    44
         Short sword       |       |     7 |    30 |       ||    37
         Halberd           |       |       |    26 |     8 ||    34
         Trident           |       |       |       |    27 ||    27
         Punch             |       |       |       |     1 ||     1
   Cast: Foxfire           |    38 |    55 |   135 |   341 ||   569
         Inner Flame       |       |     1 |    14 |    20 ||    35
         Scorch            |       |     2 |    32 |    83 ||   117
         Flame Wave        |       |       |     4 |    26 ||    30
         Stone Arrow       |       |       |     1 |       ||     1
         Swiftness         |       |       |       |     4 ||     4
 Invoke: Channel Magic     |       |       |       |     1 ||     1
  Evoke: Wand              |       |       |       |     2 ||     2
    Use: Scroll            |       |     2 |    16 |     9 ||    27
         Potion            |       |     1 |     6 |     2 ||     9
   Stab: Sleeping          |     6 |     7 |     6 |     2 ||    21
 Armour: Skin              |     9 |     6 |     8 |    14 ||    37
  Dodge: Dodged            |    21 |    36 |    80 |   125 ||   262
  Block: Buckler           |       |       |       |    30 ||    30

Table legend: (Time is in decaauts)
 A = Elapsed time spent in this place.
 B = Non-inter-level travel time spent in this place.
 C = Inter-level travel time spent in this place.
 D = Time resting spent in this place.
 E = Time spent auto-exploring this place.
 F = Levels seen in this place.
 G = Mean time per level.
                   A        B        C        D        E       F      G
               +--------+--------+--------+--------+--------+-----+--------+
         Total |  15103 |  14762 |    341 |   1928 |   8763 |  15 | 1006.9 |
       Dungeon |  13149 |  12809 |    340 |   1526 |   7811 |  10 | 1314.9 |
        Temple |     20 |     20 |      0 |      0 |      0 |   1 |   20.0 |
          Lair |     37 |     37 |      0 |      0 |      9 |   1 |   37.0 |
  Orcish Mines |    882 |    882 |      0 |    402 |    222 |   2 |  441.0 |
         Sewer |   1013 |   1013 |      0 |      0 |    721 |   1 | 1013.0 |
               +--------+--------+--------+--------+--------+-----+--------+

Top non-repeatable levels by time:
     D:8: 2234 daAuts
     D:7: 2066 daAuts
     D:9: 1789 daAuts
     D:6: 1469 daAuts
     D:5: 1356 daAuts
     D:2: 1065 daAuts
   Sewer: 1013 daAuts
     D:1: 897 daAuts
     D:3: 831 daAuts
     D:4: 766 daAuts
   Orc:1: 670 daAuts
    D:10: 670 daAuts
   Orc:2: 212 daAuts
  Lair:1: 37 daAuts
  Temple: 20 daAuts
